 Dungeon Crawl Stone Soup version 0.30-a0-1018-g25214051b3 (webtiles) character file.

Game seed: 7637117627045398988

11300 kae the Severer (level 11, -16/93 HPs)
             Began as a Hill Orc Fighter on Apr 7, 2023.
             Was an Elder of Makhleb.
             Demolished by a sun demon (17 damage)
             ... summoned by a kobold demonologist
             ... on level 11 of the Dungeon.
             The game lasted 00:09:14 (10198 turns).

kae the Severer (Hill Orc Fighter)                 Turns: 10198, Time: 00:09:15

Health: -16/93     AC: 14    Str: 24    XL:     11   Next: 75%
Magic:  22/22      EV: 17    Int:  8    God:    Makhleb [****..]
Gold:   1159       SH:  6    Dex: 10    Spells: 10/10 levels left

rFire   . . .      SeeInvis .    a - +3 war axe (vamp)
rCold   . . .      Faith    .    c - +0 buckler
rNeg    + . .      Spirit   .    b - +1 scale mail
rPois   .          Reflect  .    h - +2 helmet
rElec   .          Rampage  .    B - +0 cloak
rCorr   .                        (no gloves)
Will    .....                    (no boots) Stlth
                                 (no amulet)
HPRegen 0.35/turn                g - ring of the Octopus King {rN+ HP+2 AC+2 EV+2 SH+2}
MPRegen 0.18/turn                E - +5 ring of evasion

@: lethally poisoned (-16 -> -27)
A: no striking features
a: Renounce Religion, Minor Destruction, Lesser Servant of Makhleb, Major
Destruction


You were on level 11 of the Dungeon.
You worshipped Makhleb.
Makhleb was greatly pleased with you.
You visited 2 branches of the dungeon, and saw 12 of its levels.
You also visited: Sewer.

You collected 1779 gold pieces.
You spent 620 gold pieces at shops.


   Skills:
 + Level 6.8 Fighting
 - Level 16.0 Axes
 + Level 4.9 Armour
 + Level 2.5 Dodging
 - Level 3.2 Shields
 - Level 15.0 Invocations


You had 10 spell levels left.
You didn't know any spells.
Your spell library contained the following spells:

 Spells                   Type           Power      Damage    Failure   Level
 Apportation              Tloc           0%         N/A       80%         1
 Blink                    Tloc           0%         N/A       90%         2
 Call Canine Familiar     Summ           0%         N/A       99%         3
 Portal Projectile        Hex/Tloc       0%         N/A       99%         3
 Leda's Liquefaction      Hex/Erth       0%         N/A       100%        4
 Manifold Assault         Tloc           0%         N/A       100%        4
 Petrify                  Tmut/Erth      0%         N/A       100%        4
 Fireball                 Conj/Fire      0%         3d3       100%        5
 Iskenderun's Battlesphe  Conj           0%         2d6       100%        5
 Metabolic Englaciation   Hex/Ice        0%         N/A       100%        5
 Conjure Ball Lightning   Conj/Air       0%         3x3d6     100%        6
 Statue Form              Tmut/Erth      0%         N/A       100%        6
 Orb of Destruction       Conj           0%         9d5       100%        7

Inventory:

Hand Weapons
 a - a +3 vampiric war axe (weapon)
 P - a +5 battleaxe
   (You took it off a wight on level 8 of the Dungeon)
Missiles
 e - 155 stones (quivered)
 y - 47 poisoned darts
 H - a curare-tipped dart {=f}
 J - a boomerang of dispersal {=f!f}
 K - 6 atropa-tipped darts
 M - a boomerang
Armour
 b - a +1 scale mail (worn)
 c - a +0 buckler (worn)
 h - a +2 helmet (worn)
   (You found it on level 2 of the Dungeon)
 n - the -2 hat of the Alchemist {rElec rPois rF+ rC+ rN+ Will+ rMut rCorr}
   (You found it on level 4 of the Dungeon)

   rF:        It protects you from fire.
   rC:        It protects you from cold.
   rElec:     It insulates you from electricity.
   rPois:     It protects you from poison.
   rN:        It protects you from negative energy.
   rCorr:     It protects you from acid and corrosion.
   rMut:      It protects you from mutation.
   Will:      It increases your willpower.
 B - a +0 cloak (worn)
   (You found it on level 4 of the Dungeon)
Magical Staves
 u - a staff of poison {!a}
   (You found it on level 8 of the Dungeon)
Jewellery
 g - a ring of the Octopus King (left hand) {rN+ HP+2 AC+2 EV+2 SH+2}
   (You bought it in a shop on level 1 of the Dungeon)

   [ring of positive energy]

   AC:        It affects your AC (+2).
   EV:        It affects your evasion (+2).
   rN:        It protects you from negative energy.
   HP:        It affects your health (+2).
   SH:        It affects your SH (+2).
 l - a ring of willpower
   (You found it on level 1 of the Dungeon)
 A - the amulet of Elemental Vulnerability {rPois rF-- rC-- AC+8}
   (You found it on level 5 of the Dungeon)

   [amulet of nothing]

   AC:        It affects your AC (+8).
   rF:        It makes you very vulnerable to fire.
   rC:        It makes you very vulnerable to cold.
   rPois:     It protects you from poison.
 C - a ring of ice
   (You found it on level 2 of the Dungeon)
 E - a +5 ring of evasion (right hand)
   (You took it off a hobgoblin on level 2 of the Dungeon)
 N - a ring of positive energy
   (You found it on level 5 of the Dungeon)
Wands
 j - a wand of mindburst (31)
   (You found it on level 6 of the Dungeon)
 v - a wand of flame (28)
   (You found it on level 5 of the Dungeon)
 z - a wand of iceblast (4)
   (You took it off Ijyb on level 5 of the Dungeon)
 F - a wand of quicksilver (7)
   (You found it on level 6 of the Dungeon)
 S - a wand of paralysis (5)
   (You found it on level 10 of the Dungeon)
 T - a wand of digging (3)
   (You found it on level 10 of the Dungeon)
Scrolls
 i - 4 scrolls of teleportation {@r4}
 q - a scroll of butterflies
 t - a scroll of fog
 D - a scroll of immolation {!r!r}
 G - a scroll of torment {!r}
 I - 2 scrolls of silence {!r}
 Q - a scroll of magic mapping {!r}
 V - a scroll of enchant armour
Potions
 d - 4 potions of might
 f - 4 potions of curing {@q1}
 k - 2 potions of mutation {!q}
 m - 2 potions of magic
 o - 2 potions of heal wounds {@q2}
 p - a potion of invisibility
 r - a potion of degeneration {!q}
 s - 5 potions of berserk rage {unknown}
 w - a potion of resistance {unknown}
 x - 3 potions of lignification {!q}
 L - a potion of ambrosia {unknown}
 O - a potion of haste {unknown}
 R - a potion of cancellation {unknown}
 U - a potion of flight {unknown}

Dungeon Overview and Level Annotations

Branches:
Dungeon (11/15) Zot: 26959  Temple (1/1) D:5 Zot: 5766    Lair (0/5) D:10
    Orc (0/2) D:10          Sewer (visited)

Altars:
Ashenzari
Cheibriados
Dithmenos
Elyvilon
Fedhas
Gozag
Hepliaklqana
Kikubaaqudgha
Makhleb
Nemelex Xobeh
Okawaru
Qazlal
Ru
Sif Muna
Trog
Uskayaw
Vehumet
Wu Jian
Xom
Yredelemnul
Zin
The Shining One
Beogh

Shops:
D:1 ==[

Annotations:
D:4 2 transporters, Miklu's ghost, amateur KoBr

.... ...# #..# #..#
# . #..# .#
..####..####..###
........3K3......
###.......55@5......
<....####.)####..###
... #..# # #.. #..#
#..####..#
#........#
#....<...#
#........#
#........#


You could see a sun demon (summoned), a kobold demonologist, a smoke demon
(summoned), a quasit (summoned) and 2 shadow imps.


Message History

You closely miss the kobold brigand.
You barely miss the kobold demonologist.
You block the kobold brigand's attack.
The kobold demonologist casts a cantrip, but nothing happens.
You slash the kobold brigand!
You kill the kobold brigand!
Makhleb accepts your kill.
You hit the smoke demon but do no damage.
You barely miss the kobold demonologist.
The smoke demon gestures at you. The ball of steam misses you.
The kobold demonologist gestures wildly while chanting.
You barely miss the sun demon. You hit the smoke demon. You hit the kobold.
You kill the kobold!
Makhleb accepts your kill.
You hit the kobold demonologist.
You are engulfed in a cloud of scalding steam. 😕 HP[-4]
You take 4 damage, and now have 89/93 hp.
You barely miss the kobold demonologist.
You hit the sun demon. You hit the smoke demon.
You are engulfed in a cloud of scalding steam.
You block the sun demon's attack.
The smoke demon hits you but does no damage. x2
The smoke demon closely misses you.
You block the kobold demonologist's attack.
You slash the smoke demon! You hit the kobold demonologist.
You feel better.
You hit the kobold.
You feel better.
You kill the kobold!
Makhleb accepts your kill.
You barely miss the sun demon. The sun demon hits you.
You are engulfed in flames!
The smoke demon gestures at you.
The sticky flame hits you but does no damage.
You are covered in liquid flames!
You block the kobold demonologist's attack. 😮 HP[-21]
You take 21 damage, and now have 68/93 hp.
MASSIVE DAMAGE!! (PAUSE)
You slash the kobold demonologist!
You feel better.
You hit the smoke demon. You closely miss the sun demon.
You are covered in liquid flames!
The sun demon barely misses you. You block the smoke demon's attack.
The smoke demon hits you but does no damage.
The smoke demon completely misses you.
The kobold demonologist mumbles some strange words. 😮 HP[-5]
You take 5 damage, and now have 63/93 hp.
You miss the kobold demonologist.
You hit the smoke demon but do no damage.
You hit the sun demon.
You are covered in liquid flames!
The sun demon hits you but does no damage.
Unknown command. 😮 HP[-3]
You take 3 damage, and now have 60/93 hp.
You hit the kobold demonologist.
You feel better.
You hit the sun demon. You hit the quasit. You slash the smoke demon!
You are covered in liquid flames!
The smoke demon hits you. The smoke demon closely misses you.
The smoke demon hits you but does no damage.
The sun demon hits you!
* * * LOW HITPOINT WARNING * * *
You are engulfed in flames!!
* * * LOW HITPOINT WARNING * * *
The kobold demonologist hits you with a +1 dagger of venom.
* * * LOW HITPOINT WARNING * * *
You are poisoned. 😱 HP[-40]
You take 40 damage, and now have 20/93 hp.
MASSIVE DAMAGE!! (PAUSE)
You slash the kobold demonologist!
You feel better.
You closely miss the shadow imp. You closely miss the sun demon.
You closely miss the quasit. You hit the smoke demon.
You are covered in liquid flames!
* * * LOW HITPOINT WARNING * * *
You feel sick.
The quasit bites you but does no damage.
The quasit claws you but does no damage.
The quasit barely misses you. You block the sun demon's attack.
The smoke demon gestures at you. Something smites you!
* * * LOW HITPOINT WARNING * * *
The shadow imp barely misses you.
The kobold demonologist hits you but does no damage.
You are lethally poisoned! 😱 HP[-6]
You take 6 damage, and now have 14/93 hp.
Unknown command.
You slash the kobold demonologist!
You feel better.
You slash the shadow imp! You closely miss the sun demon. You hit the quasit.
You hit the smoke demon but do no damage.
* * * LOW HITPOINT WARNING * * *
You feel very sick.
The quasit bites you but does no damage.
The quasit claws you but does no damage.
The quasit barely misses you. The sun demon hits you!
* * * LOW HITPOINT WARNING * * *
You are engulfed in flames!
You die...

Skill      XL: |  1  2  3  4  5  6  7  8  9 10 11 |
---------------+----------------------------------+-----
Axes           | 3 4 5 8 9 11 14 16 | 16.0
Invocations    | 4 7 13 15 | 15.0
Fighting       | 6 |  6.8
Dodging        | 2 |  2.5
Armour         | 4 |  4.9
Shields        | |  3.2

Action                     |  1- 3 |  4- 6 |  7- 9 | 10-12 || total
---------------------------+-------+-------+-------+-------++-------
  Melee: War axe           |    97 |   131 |   357 |   413 ||   998
 Invoke: Lesser Servant of |       |       |       |     1 ||     1
  Evoke: Wand              |       |       |       |     3 ||     3
    Use: Scroll            |     5 |     2 |    14 |     5 ||    26
         Potion            |       |     1 |     2 |       ||     3
 Armour: Scale mail        |    44 |    69 |    94 |   108 ||   315
  Dodge: Dodged            |    52 |    65 |   213 |   207 ||   537
  Block: Buckler           |    27 |    30 |    60 |   109 ||   226

Levels and vault maps discovered:
D:1:      dpeg_arrival_stone_temple_mockup, layout_basic, serial_shops, shop,
          nicolae_shop_trees, shop
D:2:      layout_basic, uniq_sigmund
D:3:      layout_rooms, led_sif_pool, portal_sewer_entry_a,
          minmay_close_crescents, uniq_robin
D:4:      layout_loops_ring, gammafunk_ghost_arena
D:5:      layout_basic, minitemple, overflow_temple_1_default,
          minmay_temple_entry_sparse_star, minmay_misc_feat_iff, uniq_ijyb,
          uniq_pikel
D:6:      cheibrodos_fertilizer, layout_gridville, uniq_edmund
D:7:      layout_loops_ring
D:8:      layout_basic, ldierk_geyser, uniq_gastronok
D:9:      layout_cave_pools, lightli_minifort
D:10:     layout_layer_cave, erik_lair_orcish_takeover,
          minmay_orc_entry_temple_small
D:11:     layout_small_grid, special_room [special_room_orc], minivault_28
Temple:   eino_temple_scatter_basement

Notes
Turn   | Place    | Note
-------+----------+-------------------------------------------
     0 | D:1      | kae the Hill Orc Fighter began the quest for the Orb.
     0 | D:1      | Reached XP level 1. HP: 19/19 MP: 1/1
     0 | D:1      | magus.rc [v1.11.3]
    32 | D:1      | Reached skill level 3 in Axes
    35 | D:1      | Reached XP level 2. HP: 19/26 MP: 2/2
    49 | D:1      | Found Huweg's Armour Boutique.
   110 | D:1      | Reached skill level 4 in Axes
   330 | D:1      | Reached XP level 3. HP: 27/31 MP: 3/3
   343 | D:1      | Found Tyunohec's Jewellery Emporium.
   480 | D:1      | Reached skill level 5 in Axes
   539 | D:1      | Found Xaanesmy's Jewellery Emporium.
   709 | D:2      | Reached XP level 4. HP: 38/39 MP: 4/4
   962 | D:2      | Reached skill level 6 in Axes
  1256 | D:2      | Noticed Sigmund
  1262 | D:2      | Killed Sigmund
  1263 | D:2      | Reached skill level 8 in Axes
  1263 | D:2      | Reached XP level 5. HP: 33/45 MP: 5/5
  1263 | D:2      | Reached XP level 6. HP: 37/51 MP: 6/6
  1557 | D:3      | Reached skill level 9 in Axes
  1557 | D:3      | HP: 10/51 [river rat (4)]
  1564 | D:2      | HP: 10/51 [river rat (4)]
  1724 | D:3      | Found a glowing drain.
  1733 | Sewer    | Entered a sewer
  1947 | Sewer    | Reached XP level 7. HP: 56/57 MP: 7/7
  2003 | Sewer    | Reached skill level 10 in Axes
  2187 | D:3      | Noticed Robin
  2208 | D:3      | Killed Robin
  2336 | D:3      | Reached skill level 11 in Axes
  2490 | D:3      | Found a shimmering blue altar of Sif Muna.
  2578 | D:4      | Identified a scroll of acquirement
  2578 | D:4      | Acquired 1132 gold pieces
  2686 | D:4      | Reached XP level 8. HP: 61/64 MP: 8/8
  2719 | D:4      | Reached skill level 12 in Axes
  3000 | D:4      | Noticed Miklu's ghost (amateur KoBr)
  3025 | D:4      | Found the -2 hat of the Alchemist {rElec rPois rF+ rC+ rN+
                  | Will+ rMut rCorr}
  3175 | D:4      | Found a transporter.
  3178 | D:4      | Found a transporter.
  3344 | D:5      | Entered Level 5 of the Dungeon
  3344 | D:5      | Found a staircase to the Ecumenical Temple.
  3351 | D:5      | Noticed a wyvern
  3360 | D:5      | Killed a wyvern
  3367 | Temple   | Entered the Ecumenical Temple
  3587 | Temple   | Became a worshipper of Makhleb the Destroyer
  3615 | D:5      | You pick up a book of Sloth and begin reading...
  3615 | D:5      | You add the spells Petrify, Metabolic Englaciation and
                  | Statue Form to your library.
  3667 | D:5      | Reached skill level 13 in Axes
  3667 | D:5      | Reached skill level 1 in Invocations
  3795 | D:5      | Reached skill level 2 in Invocations
  3985 | D:5      | Noticed Pikel
  4008 | D:5      | HP: 11/64 [Pikel/+0 whip of electrocution (19)]
  4017 | D:5      | Killed Pikel
  4018 | D:5      | Reached skill level 14 in Axes
  4018 | D:5      | Reached skill level 4 in Invocations
  4018 | D:5      | Reached XP level 9. HP: 31/70 MP: 10/12
  4154 | D:5      | Found an ancient bone altar of Kikubaaqudgha.
  4154 | D:5      | Found a glowing golden altar of the Shining One.
  4155 | D:5      | Noticed Ijyb
  4159 | D:5      | Killed Ijyb
  4160 | D:5      | Found a basalt altar of Yredelemnul.
  4163 | D:5      | Found a blossoming altar of Fedhas.
  4175 | D:5      | Found a snail-covered altar of Cheibriados.
  4497 | D:5      | Found the amulet of Elemental Vulnerability {rPois rF--
                  | rC-- AC+8}
  4860 | D:1      | Bought a ring of the Octopus King {rN+ HP+2 AC+2 EV+2 SH+2}
                  | for 620 gold pieces
  4860 | D:1      | Found the ring of the Octopus King {rN+ HP+2 AC+2 EV+2
                  | SH+2}
  5008 | D:6      | Reached skill level 5 in Invocations
  5333 | D:6      | Reached * piety under Makhleb
  5334 | D:6      | Reached skill level 15 in Axes
  5413 | D:6      | Noticed Edmund
  5424 | D:6      | Killed Edmund
  5425 | D:6      | Reached skill level 6 in Invocations
  5569 | D:6      | HP: 15/72 [large slime creature (39)]
  6033 | D:6      | Reached skill level 7 in Invocations
  6039 | D:6      | Reached skill level 16 in Axes
  6039 | D:6      | Reached XP level 10. HP: 64/77 MP: 15/15
  6110 | D:6      | Identified the +2 flail of the Illusory Deaths {antimagic,
                  | Fragile rElec rN+ Stlth+}
  6476 | D:7      | Reached skill level 8 in Invocations
  6512 | D:7      | Reached skill level 9 in Invocations
  6533 | D:7      | Reached ** piety under Makhleb
  6810 | D:7      | Reached skill level 10 in Invocations
  6811 | D:7      | You add the spells Apportation, Blink, Portal Projectile
                  | and Manifold Assault to your library.
  6811 | D:7      | Got the Directory of Transportation
  7358 | D:8      | Noticed Gastronok
  7358 | D:8      | Gastronok the Ponderous comes into view. He is wearing the
                  | +3 hat of Pondering {ponderous, Will+ MP+10 Int+5}.
  7359 | D:8      | Aim: Gastronok, wearing the +3 hat of Pondering {ponderous,
                  | Will+ MP+10 Int+5} (100% to hit)
  7359 | D:8      | Aim: Gastronok, wearing the +3 hat of Pondering {ponderous,
                  | Will+ MP+10 Int+5} (100% to hit)
  7360 | D:8      | Aim: Gastronok, wearing the +3 hat of Pondering {ponderous,
                  | Will+ MP+10 Int+5} (lightly wounded, 100% to hit)
  7360 | D:8      | Aim: Gastronok, wearing the +3 hat of Pondering {ponderous,
                  | Will+ MP+10 Int+5} (lightly wounded, 100% to hit)
  7361 | D:8      | Aim: Gastronok, wearing the +3 hat of Pondering {ponderous,
                  | Will+ MP+10 Int+5} (lightly wounded, 100% to hit)
  7361 | D:8      | Aim: Gastronok, wearing the +3 hat of Pondering {ponderous,
                  | Will+ MP+10 Int+5} (lightly wounded, 100% to hit)
  7383 | D:8      | Killed Gastronok
  7384 | D:8      | Reached skill level 11 in Invocations
  7443 | D:8      | Reached skill level 12 in Invocations
  8334 | D:9      | Reached skill level 13 in Invocations
  8456 | D:9      | Reached XP level 11. HP: 82/82 MP: 21/21
  8463 | D:9      | Reached skill level 14 in Invocations
  8492 | D:9      | Identified the +11 mace of Ruiqoline {venom, Dex+2 Stlth+}
  8558 | D:9      | Reached *** piety under Makhleb
  8572 | D:9      | You pick up a book of the Spheres and begin reading...
  8572 | D:9      | You add the spells Iskenderun's Battlesphere, Fireball,
                  | Conjure Ball Lightning and Orb of Destruction to your
                  | library.
  8749 | D:9      | Noticed a cyclops
  8758 | D:9      | Killed a cyclops
  8759 | D:9      | Reached skill level 15 in Invocations
  8759 | D:9      | Reached skill level 4 in Fighting
  8841 | D:10     | Entered Level 10 of the Dungeon
  8912 | D:10     | Reached skill level 5 in Fighting
  8917 | D:10     | Found a staircase to the Orcish Mines.
  9141 | D:10     | Reached skill level 1 in Dodging
  9142 | D:10     | Found a staircase to the Lair.
  9267 | D:10     | Reached skill level 6 in Fighting
  9267 | D:10     | Reached skill level 4 in Armour
  9417 | D:10     | You pick up a book of the Hunter and begin reading...
  9417 | D:10     | You add the spells Call Canine Familiar and Leda's
                  | Liquefaction to your library.
  9527 | D:10     | Reached skill level 2 in Dodging
  9532 | D:10     | Reached **** piety under Makhleb
  9685 | D:10     | Found a roughly hewn altar of Beogh.
 10191 | D:11     | Noticed a sun demon
 10196 | D:11     | HP: 23/93 [sun demon[a kobold demonologist] (19)]
 10198 | D:11     | HP: 1/93 [sun demon[a kobold demonologist] (12)]
 10198 | D:11     | Demolished by a sun demon

Vanquished Creatures
  Gastronok (D:8)
  Pikel (D:5)
  A cyclops (D:9)
  2 trolls (D:10)
  A hornet (D:7)
  Sigmund (D:2)
  6 slime creatures
  A shadow (D:10)
  3 wyverns
  15 yaks
  A steam dragon (D:6)
  Edmund (D:6)
  2 wargs (D:10)
  An acid dragon (D:11)
  5 orc warriors
  An ice beast (D:5)
  A sky beast (D:6)
  3 centaurs
  A lemure (D:5)
  A phantom (D:6)
  7 kobold brigands
  5 bullfrogs
  A gnoll sergeant (D:7)
  2 scorpions (D:6)
  6 wights
  4 killer bees (D:9)
  A howler monkey (D:10)
  A hound (D:6)
  13 orc priests
  Ijyb (D:5)
  5 jellies
  A sleepcap (D:7)
  8 iguanas
  24 orc wizards
  Robin (D:3)
  7 gnolls
  16 adders
  3 river rats
  2 white imps
  5 worms
  4 dart slugs
  51 orcs
  18 ball pythons
  11 endoplasms
  2 giant cockroaches (D:1)
  19 goblins
  15 hobgoblins
  21 jackals
  6 quokkas
  2 bats (D:1)
  4 frilled lizards
  18 kobolds
  24 rats
357 creatures vanquished.

Vanquished Creatures (collateral kills)
  2 kobolds (D:10)
2 creatures vanquished.

Vanquished Creatures (others)
  7 fungi (D:6)
  9 toadstools (D:6)
16 creatures vanquished.

Grand Total: 375 creatures vanquished

Table legend:
 A = Non-vault XP
 B = Vault XP
 C = Vault XP percentage of total XP
 D = Non-vault monster count
 E = Vault monster count
 F = Vault count percentage of total count
                 A         B        C        D         E       F
            +---------+---------+-------+---------+---------+-------
      Total |   11129 |    5015 |  31.1 |     263 |      95 |  26.5
            +---------+---------+-------+---------+---------+-------
        D:1 |      79 |       0 |   0.0 |      40 |       0 |   0.0
        D:2 |      61 |     252 |  80.5 |      22 |       2 |   8.3
        D:3 |     201 |      88 |  30.4 |      24 |      19 |  44.2
        D:4 |     390 |       0 |   0.0 |      26 |       0 |   0.0
        D:5 |     895 |     633 |  41.4 |      28 |       2 |   6.7
        D:6 |     893 |     933 |  51.1 |      13 |      16 |  55.2
        D:7 |    1214 |       0 |   0.0 |      31 |       0 |   0.0
        D:8 |     500 |    1455 |  74.4 |      14 |       1 |   6.7
        D:9 |    3281 |     511 |  13.5 |      29 |       1 |   3.3
       D:10 |    3257 |     790 |  19.5 |      29 |      14 |  32.6
       D:11 |     358 |       0 |   0.0 |       7 |       0 |   0.0
      Sewer |       0 |     353 | 100.0 |       0 |      40 | 100.0
            +---------+---------+-------+---------+---------+-------

Illustrated notes

Table legend:
 A = Kills in this place as a percentage of kills in the entire game.
 B = Kills by you in this place as a percentage of kills by you in the entire game.
 C = Kills by friends in this place as a percentage of kills by friends in the entire game.
 D = Other kills in this place as a percentage of other kills in the entire game.
 E = Experience gained in this place as a percentage of experience gained in the entire game.
 F = Experience gained in this place divided by the number of levels of this place that you have seen.
                   A       B       C       D       E      F
               +-------+-------+-------+-------+-------+----------------------
         Total | 100.0 | 100.0 | 100.0 |   N/A | 100.0 | 1241.8
       Dungeon |  88.8 |  88.8 | 100.0 |   N/A |  97.8 | 1435.5
         Sewer |  11.2 |  11.2 |   0.0 |   N/A |   2.2 | 353.0
               +-------+-------+-------+-------+-------+----------------------

Table legend: (Time is in decaauts)
 A = Elapsed time spent in this place.
 B = Non-inter-level travel time spent in this place.
 C = Inter-level travel time spent in this place.
 D = Time resting spent in this place.
 E = Time spent auto-exploring this place.
 F = Levels seen in this place.
 G = Mean time per level.
                   A        B        C        D        E       F      G
               +--------+--------+--------+--------+--------+-----+--------+
         Total |  10141 |   9642 |    499 |    139 |   7730 |  13 |  780.1 |
       Dungeon |   9503 |   9041 |    462 |    139 |   7331 |  11 |  863.9 |
        Temple |    233 |    196 |     37 |      0 |    180 |   1 |  233.0 |
         Sewer |    404 |    404 |      0 |      0 |    219 |   1 |  404.0 |
               +--------+--------+--------+--------+--------+-----+--------+

Top non-repeatable levels by time:
     D:6: 1336 daAuts
    D:10: 1277 daAuts
     D:5: 1226 daAuts
     D:2: 1016 daAuts
     D:7: 965 daAuts
     D:8: 868 daAuts
     D:4: 828 daAuts
     D:1: 747 daAuts
     D:9: 613 daAuts
     D:3: 584 daAuts
   Sewer: 404 daAuts
  Temple: 233 daAuts
    D:11: 39 daAuts
